 Dungeon Crawl Stone Soup version 0.32-a0-815-g315f82d515 (webtiles) character file.

Game seed: 8065886413008968909

358 Descartes the Trooper (level 6, -5/55 HPs)
             Began as a Mountain Dwarf Fighter on Mar 22, 2024.
             Was an Initiate of Gozag.
             Slain by an ogre
             ... wielding a +0 giant club
              (27 damage)
             ... on level 5 of the Dungeon on Mar 23, 2024.
             The game lasted 00:07:37 (2986 turns).

Descartes the Trooper (Mountain Dwarf Fighter)      Turns: 2986, Time: 00:07:37

Health: -5/55      AC:  8    Str: 20    XL:     6   Next: 37%
Magic:  6/6        EV:  8    Int:  9    God:    Gozag
Gold:   129        SH:  4    Dex:  9    Spells: 5/5 levels left

rFire   . . .        a - +0 war axe
rCold   . . .        c - +0 buckler
rNeg    . . .        b - +0 scale mail
rPois   .            (no helmet)
rElec   .            (no cloak)
rCorr   .            (no gloves)
SInv    .            v - +0 pair of boots
Will    +....        (no amulet) Stlth
                     t - ring of willpower
HPRegen 0.29/turn    (no ring)
MPRegen 0.10/turn

%: no passive effects
@: no status effects
A: runic magic, artefact enchanting
a: Renounce Religion, Potion Petition, Call Merchant, Bribe Branch


You were on level 5 of the Dungeon.
You worshipped Gozag.
Gozag was aware of your devotion.
You visited 1 branch of the dungeon, and saw 5 of its levels.

You collected 179 gold pieces.
You paid 50 gold pieces to Gozag.

Inventory:

Hand Weapons
 a - a +0 war axe (weapon)
Missiles
 j - 4 javelins
Armour
 b - a +0 scale mail (worn)
 c - a +0 buckler (worn)
 v - a +0 pair of boots (worn)
Jewellery
 t - a ring of willpower (left hand)
Wands
 u - a wand of polymorph (9)
 A - a wand of flame (20)
Scrolls
 e - 4 scrolls of identify {unknown}
 f - a scroll of summoning {unknown}
 g - a scroll of amnesia {unknown}
 h - a scroll of revelation {unknown}
 i - a scroll of immolation {unknown}
 l - a scroll of teleportation {unknown}
 o - a scroll of silence {unknown}
 w - a scroll of fear {unknown}
 x - a scroll of poison {unknown}
 y - a scroll of blinking {unknown}
 z - 3 scrolls of vulnerability {unknown}
Potions
 d - 3 potions of might
 k - a potion of lignification {unknown}
 m - a potion of heal wounds {unknown}
 p - a potion of attraction {unknown}
 q - a potion of ambrosia {unknown}
 r - a potion of curing {unknown}
 s - a potion of enlightenment {unknown}


   Skills:
 + Level 4.9 Fighting
 + Level 4.5 Axes
 + Level 4.8 Armour
 + Level 4.8 Shields


You had 5 spell levels left.
You didn't know any spells.
Your spell library contained the following spells:

 Spells                   Type           Power      Damage    Failure   Level
 Sting                    Conj/Alch      0%         1d3       54%         1
 Mercury Vapours          Alch/Air       0%         N/A       67%         2
 Dazzling Flash           Conj/Hex       0%         N/A       88%         3
 Mephitic Cloud           Conj/Alch/Air  0%         N/A       88%         3
 Stone Arrow              Conj/Erth      0%         3d7       88%         3
 Animate Armour           Summ/Erth      0%         N/A       99%         4
 Olgreb's Toxic Radiance  Alch           0%         N/A       99%         4
 Freezing Cloud           Conj/Ice/Air   0%         6-21      100%        5
 Starburst                Conj/Fire      0%         6d3       100%        6
 Lehudib's Crystal Spear  Conj/Erth      0%         10d2      100%        8
 Maxwell's Capacitive Co  Air            0%         ∞         100%        8


Dungeon Overview and Level Annotations

Branches:
Dungeon (5/15)
 Temple: D:4-7

Altars:
Fedhas
Gozag
Nemelex Xobeh
Okawaru
Qazlal


Innate Abilities, Weirdness & Mutations

Your spellcasting is much less encumbered by armour.
You can use scrolls of enchantment on lesser artefacts.


Message History

You enter the transporter and appear at another place.
Done exploring.
Unknown command.
The shadow imp grins evilly.
The shadow imp lashes its tail.
There is a stone staircase leading down here.
You climb downwards.
Found 9 gold pieces and a robe.
There is a stone staircase leading up here.
Found an escape hatch in the floor.
An ogre comes into view. It is wielding a +0 giant club.
The ogre shouts!
You hear a shout! x2
You see here 9 gold pieces.
An ogre is nearby!
Found a ring mail.
The ogre hits you with a +0 giant club.
You slash the ogre!
The ogre is moderately wounded.
An adder comes into view.
You hit the ogre.
The ogre is heavily wounded.
You block the ogre's attack.
An orc comes into view. It is wielding a +0 war axe.
You hit the ogre.
The ogre is severely wounded.
The ogre hits you with a +0 giant club!
The orc throws a stone.
The stone hits you but does no damage.
You slash the ogre!
The ogre is almost dead.
The ogre hits you with a +0 giant club!!
You are too injured to fight recklessly!
You are too injured to fight recklessly!
You are too injured to fight recklessly!
Unknown command.
The adder attacks as it pursues you! The adder barely misses you.
The adder attacks as it pursues you! The adder bites you but does no damage.
The ogre attacks as it pursues you!
The ogre hits you with a +0 giant club!!
You die...
Your body crumbles into a pile of gold.

#............. ....
#.....>...... ...#
#.......... ....
....o.... ... .
#.....## [.###.
##.##.....###......
#...............#
##.....OS..<...###
##.....@$.........
#................#
..................#
.[...........##.....
....................
##............$.....
#..........#..#....
.......#..#..#


You could see an ogre, an adder and an orc.

Vanquished Creatures
  A black bear (D:4)
  A bombardier beetle (D:4)
  2 orc priests
  Terence (D:3)
  Robin (D:4)
  2 adders
  A shadow imp (D:4)
  A white imp (D:3)
  2 dart slugs
  A ribbon worm (D:3)
  7 orcs (D:3)
  6 endoplasms
  6 giant cockroaches
  12 goblins
  10 hobgoblins
  3 jackals (D:4)
  4 quokkas
  9 ball pythons
  15 bats
  5 kobolds
  6 rats
96 creatures vanquished.

Notes
Turn   | Place    | Note
-------+----------+-------------------------------------------
     0 | D:1      | Descartes the Mountain Dwarf Fighter began the quest for
                  | the Orb.
     0 | D:1      | Reached XP level 1. HP: 19/19 MP: 1/1
    55 | D:1      | Reached XP level 2. HP: 6/26 MP: 2/2
   396 | D:1      | Found a faded altar of an unknown god.
   534 | D:1      | You fall into a shaft and drop 1 floor!
   670 | D:1      | Reached XP level 3. HP: 33/33 MP: 3/3
   991 | D:2      | Upgraded the game from 0.32-a0-814-g0968bab981 to
                  | 0.32-a0-815-g315f82d515
  1311 | D:3      | Reached XP level 4. HP: 20/40 MP: 4/4
  1593 | D:3      | HP: 2/40 [orc priest/+0 hand axe (2)]
  1751 | D:3      | Found a sparkling altar of Nemelex Xobeh.
  1775 | D:3      | Identified the +0 leather armour of the Four Hells {Harm
                  | *Slow rPois Will++}
  1852 | D:3      | Noticed Terence
  1861 | D:3      | Killed Terence
  1862 | D:3      | Reached XP level 5. HP: 41/46 MP: 5/5
  2056 | D:3      | Found a blossoming altar of Fedhas.
  2058 | D:3      | Found an iron altar of Okawaru.
  2063 | D:3      | Found a stormy altar of Qazlal.
  2125 | D:4      | Noticed a black bear
  2143 | D:4      | Killed a black bear
  2355 | D:4      | Reached XP level 6. HP: 32/53 MP: 6/6
  2437 | D:4      | Found a transporter.
  2484 | D:4      | Noticed Robin
  2581 | D:4      | Found a transporter.
  2673 | D:4      | Killed Robin
  2781 | D:4      | Found an opulent altar of Gozag.
  2791 | D:4      | Became a worshipper of Gozag Ym Sagoz the Greedy
  2975 | D:5      | Entered Level 5 of the Dungeon
  2986 | D:5      | Slain by an ogre

Illustrated notes

Levels and vault maps discovered:
D:1:      psy_arrival_statuary, layout_loops_ring,
          shapermc_ecumenical_altar_acropolis
D:2:      layout_rooms, minmay_misc_feat_roman, minmay_split_cup_small
D:3:      layout_rooms, mainiacjoe_overflow_24_doors, minitemple, uniq_terence
D:4:      gammafunk_wand_slinger, layout_rooms, mainiacjoe_overflow_alcove_1,
          eino_tiny_chamber, hex_tiny, st_stairs_8, uniq_robin
D:5:      layout_cave_pools, hangedman_decor_opposing

Skill      XL: |  1  2  3  4  5 |
---------------+----------------+-----
Axes           | 3 4 |  4.5
Fighting       | 4 |  4.9
Armour         | 4 |  4.8
Shields        | 4 |  4.8

Action                     |  1- 3 |  4- 6 || total
---------------------------+-------+-------++-------
  Melee: War axe           |   142 |   143 ||   285
  Throw: Dart              |       |     5 ||     5
  Evoke: Wand              |       |     2 ||     2
 Armour: Scale mail        |   123 |   136 ||   259
  Dodge: Dodged            |    68 |    67 ||   135
  Block: Buckler           |    37 |    46 ||    83

Table legend: (Time is in decaauts)
 A = Elapsed time spent in this place.
 B = Non-inter-level travel time spent in this place.
 C = Inter-level travel time spent in this place.
 D = Time resting spent in this place.
 E = Time spent auto-exploring this place.
 F = Levels seen in this place.
 G = Mean time per level.
                   A        B        C        D        E       F      G
               +--------+--------+--------+--------+--------+-----+--------+
         Total |   3091 |   2959 |    132 |      0 |   2198 |   5 |  618.2 |
       Dungeon |   3091 |   2959 |    132 |      0 |   2198 |   5 |  618.2 |
               +--------+--------+--------+--------+--------+-----+--------+

Top non-repeatable levels by time:
     D:4: 909 daAuts
     D:3: 849 daAuts
     D:1: 793 daAuts
     D:2: 527 daAuts
     D:5: 12 daAuts
